Map: Orbital Shipyard

Players

NeverWinter

  • Race: Zerg Zerg
  • League: Master

Ailee (Azure) - Winner!

  • Race: Terran Terran
  • League: Master

VOD

Have the link to the VOD?

Description

Time

  • Played on: Nov. 15, 2015, 7:37 p.m.
  • Length: 10:36
Show
View Real Time Build Order
Export as new Build Order

NeverWinter Zerg 

Build Orders: Hatch First 

Get SALT Encoding   

  12  0:01  Drone  
  13  0:12  Overlord  
  13  0:17  Drone  
  14  0:31  Drone x2  
  14  0:35  Drone  
  17  0:52  Hatchery  
  17  0:55  Drone  
  17  1:10  Spawning Pool  
  16  1:12  Drone  
  16  1:15  Drone  
  18  1:19  Drone  
  18  1:22  Extractor  
  18  1:28  Drone  
  19  1:39  Overlord  
  19  1:50  Drone  
  20  1:57  Queen  
  22  2:04  Queen  
  22  2:07  Zergling x4  
  26  2:14  Drone  
  27  2:20  Drone  
  28  2:23  Zergling x2  
  28  2:28  Drone  
  30  2:35  Queen  
  30  2:36  Metabolic Boost  
  32  2:41  Drone x2  
  33  2:59  Drone x2, Overlord  
  33  3:03  Lair  
  35  3:08  Roach Warren  
  35  3:09  Extractor  
  32  3:21  Drone x2  
  32  3:22  Drone  
  32  3:24  Zergling x4  
  32  3:25  Zergling x2  
  32  3:26  Overlord  
  38  3:28  Drone  
  38  3:31  Extractor  
  38  3:34  Drone  
  38  3:35  Drone  
  40  3:45  Overlord  
  40  3:48  Drone x2  
  42  3:51  Roach x2  
  42  3:54  Roach  
  48  3:57  Roach  
  48  4:02  Overlord  
  50  4:06  Roach  
  50  4:09  Drone  
  53  4:13  Overlord  
  53  4:27  Zergling x6  
  53  4:34  Zergling x8  
  53  4:35  Zergling x2  
  53  4:36  Overlord  
  58  4:43  Roach  
  60  4:49  Zergling x6  
  60  4:50  Zergling x2  
  60  4:51  Roach x5  
  64  4:53  Overlord  
  63  5:08  Ravager x5  
  63  5:10  Zergling x10  
  63  5:31  Roach x4  
  63  5:32  Roach x2  
  74  5:36  Zergling x6  
  74  5:39  Overlord  
  76  5:46  Ravager x2  
  76  5:47  Roach  
  76  5:48  Ravager, Roach  
  83  5:52  Overlord  
  83  6:02  Zergling x2  
  81  6:09  Roach x3  
  87  6:11  Zergling x4  
  87  6:12  Zergling x4  
  87  6:26  Ravager x3  
  87  6:27  Ravager x2  
  90  6:33  Drone x3  
  90  6:34  Overlord  
  87  6:57  Zergling x2  
  80  7:17  Roach x3  
  85  7:23  Drone x5  
  85  7:25  Overlord  
  90  7:31  Hydralisk Den  
  90  7:32  Drone x2  
  90  7:33  Drone, Overlord, Extractor  
  91  7:41  Hatchery  
  91  7:42  Pneumatized Carapace, Overseer  
  91  7:43  Overlord  
  90  7:49  Overlord  
  90  7:51  Roach x4  
  98  7:55  Overseer  
  98  7:58  Overlord  
  98  8:01  Roach x2  
  91  8:23  Roach x4  
  91  8:24  Roach  
  99  8:27  Overlord  
  99  8:31  Hydralisk x2  
  103  8:36  Lurker Den  
  103  8:38  Overlord  
  103  8:39  Drone  
  104  8:42  Ravager x2  
  104  8:44  Evolution Chamber  
  104  8:45  Drone  
  106  8:49  Evolution Chamber, Drone  
  106  8:58  Hydralisk x2  
  106  9:00  Drone  
  106  9:01  Drone  
  112  9:05  Roach x2  
  116  9:13  Roach  
  116  9:14  Drone  
  119  9:17  Overlord  
  114  9:30  Overlord  
  110  9:33  Drone, Hydralisk  
  110  9:34  Hydralisk x2  
  110  9:38  Drone x2  
  116  9:42  Hydralisk  
  116  9:44  Drone x2  
  120  9:50  Roach  
  122  9:54  Hydralisk  
  122  9:55  Hydralisk  
  122  9:58  Drone  
  122  9:59  Drone  
  128  10:03  Hydralisk  
  128  10:05  Overseer  
  130  10:10  Zergling x6  
Show
View Real Time Build Order
Export as new Build Order

Ailee Terran - Winner!

Build Orders: Liberator Opening, Reaper Expand, MMM Bio 

Get SALT Encoding   

  12  0:01  SCV  
  13  0:13  SCV  
  14  0:17  Supply Depot  
  14  0:25  SCV  
  15  0:39  SCV  
  15  0:40  Barracks  
  16  0:44  Refinery  
  16  0:51  SCV  
  17  1:03  SCV  
  18  1:15  SCV  
  19  1:29  Orbital Command  
  19  1:30  Reaper  
  20  1:40  Command Center  
  20  1:54  Supply Depot  
  20  1:56  SCV  
  21  2:02  Reaper  
  21  2:08  SCV, Refinery  
  23  2:20  SCV  
  24  2:23  Factory  
  24  2:32  SCV  
  25  2:44  Command Center, SCV  
  26  2:53  Orbital Command  
  26  2:54  Barracks Reactor  
  26  2:56  SCV  
  27  3:08  SCV  
  28  3:19  SCV  
  29  3:21  Starport  
  29  3:23  SCV  
  30  3:31  SCV  
  31  3:35  SCV, Hellion x2  
  31  3:41  Liberator  
  36  3:43  SCV  
  36  3:44  Supply Depot  
  36  3:47  SCV, Barracks Tech Lab  
  38  3:55  SCV  
  39  3:56  Hellion x2  
  39  3:59  SCV  
  48  4:05  Orbital Command  
  48  4:06  Marine  
  48  4:07  SCV  
  48  4:08  Stimpack  
  49  4:11  SCV  
  49  4:14  Supply Depot  
  50  4:18  Hellion  
  50  4:19  Hellion  
  54  4:26  SCV  
  54  4:28  SCV  
  56  4:32  SCV  
  57  4:38  SCV  
  57  4:40  Marauder  
  57  4:41  SCV, Starport Tech Lab  
  57  4:43  Hellion x2  
  65  4:46  SCV  
  65  4:51  SCV, Engineering Bay  
  65  4:52  Engineering Bay  
  67  4:53  Refinery, Bunker  
  67  4:55  SCV  
  67  4:59  SCV  
  69  5:00  Banshee  
  69  5:03  SCV  
  73  5:12  SCV  
  74  5:18  Marauder  
  74  5:20  SCV  
  75  5:24  Widow Mine  
  75  5:28  Widow Mine  
  77  5:35  SCV x2  
  77  5:41  Supply Depot x2  
  77  5:42  Barracks x2  
  77  5:50  Bunker  
  77  6:02  Banshee, Marine  
  77  6:03  SCV x3  
  84  6:04  Terran Infantry Armor Level 1  
  84  6:08  Refinery  
  84  6:11  Barracks  
  84  6:14  Barracks  
  84  6:15  SCV x2  
  86  6:25  Marine  
  87  6:27  SCV  
  88  6:34  SCV  
  88  6:37  Barracks Reactor  
  89  6:41  SCV, Marine  
  89  6:42  Supply Depot, SCV  
  89  6:43  Marine  
  89  6:44  Supply Depot  
  93  6:51  Supply Depot x2  
  93  6:52  Supply Depot  
  93  6:55  Starport Reactor  
  93  7:00  Widow Mine x2  
  85  7:11  Combat Shields, Barracks Reactor  
  85  7:12  Supply Depot, Orbital Command, Barracks Reactor  
  85  7:14  SCV  
  85  7:15  Marine x3  
  89  7:16  Supply Depot  
  89  7:17  SCV  
  89  7:20  Supply Depot  
  91  7:25  Barracks Reactor  
  90  7:33  Marine x3  
  90  7:34  Medivac x2  
  97  7:37  SCV  
  97  7:38  SCV x2  
  100  7:48  Marine x2  
  100  7:49  Marine x2  
  100  7:50  Siege Tank, Marine  
  100  7:51  Marine x2  
  110  7:56  Command Center, Barracks  
  110  7:57  Refinery  
  110  8:06  Marine x5  
  110  8:07  Armory, Supply Depot, Marine  
  113  8:14  Marine x2  
  110  8:22  Marine  
  110  8:23  Marine  
  110  8:24  Marine x2  
  110  8:26  Marine x3  
  118  8:28  Siege Tank, Medivac x2  
  118  8:30  Supply Depot  
  118  8:32  Supply Depot, Marine  
  118  8:33  Missile Turret  
  125  8:35  Missile Turret x2  
  125  8:39  Marine  
  125  8:40  Marine  
  127  8:41  Marine  
  127  8:42  Marine  
  129  8:49  Marine x2  
  129  8:51  Refinery, Marine x3  
  134  8:58  Marine x3  
  134  8:59  Supply Depot, Marine  
  134  9:00  Siege Tank, Barracks x2  
  134  9:01  Barracks, Marine  
  144  9:06  Marine x2  
  144  9:07  Supply Depot x2  
  144  9:08  Marine  
  144  9:09  Marine  
  146  9:11  Marine x2  
  146  9:13  Medivac  
  150  9:18  Marine x2  
  150  9:19  Marine  
  152  9:26  Marine x2  
  152  9:27  Marauder  
  149  9:34  Marine x3  
  149  9:35  Marine x2  
  149  9:36  Marine  
  148  9:45  Marine x3  
  150  9:48  Barracks Reactor, Barracks Tech Lab x2, Planetary Fortress, Marauder  
  150  9:50  Concussive Shells  
  150  9:51  Sensor Tower, Medivac  
  150  9:52  Medivac  
  157  10:04  Marine x5  
  157  10:06  Marine x5  
  167  10:12  Marauder, Marine x2  
Tags
 
Add a new tag
Caveats
  • Supply blocks, unpowered buildings, or Contaminate may cause inaccurate times.
  • Supply counts are checked every 10 seconds.